 Dungeon Crawl Stone Soup version 0.24-a0-736-g4e6fe308c7 (webtiles) character file.

Game seed: 9678713839702851683, levelgen mode: deterministic

21897 Arixos the Covert (level 11, -8/51 HPs)
             Began as a Felid Transmuter on Oct 1, 2019.
             Was the Champion of Jiyva.
             Mangled by a blink frog (16 damage)
             ... on level 6 of the Lair of Beasts on Oct 2, 2019.
             The game lasted 04:57:06 (24318 turns).

Arixos the Covert (Felid Transmuter)               Turns: 24318, Time: 04:57:07

Health: -8/51      AC:  2    Str:  8    XL:     11   Next: 15%
Magic:  0/32       EV: 32    Int: 19    God:    Jiyva [******]
Gold:   350        SH:  0    Dex: 21    Spells: 3/25 levels left
                                        Lives:  0   Deaths: 3

rFire    + . .     SeeInvis +     - Unarmed
rCold    . . .     Gourm    .   (shield unavailable)
rNeg     + + .     Faith    .   (armour unavailable)
rPois    x         Spirit   +   (helmet unavailable)
rElec    +         Reflect  .   (cloak unavailable)
rCorr    +         Harm     .   (gloves unavailable)
MR       +....     Clarity  +   (boots unavailable)
Stlth    +++++.....             e - amulet of guardian spirit
HPRegen  0.17/turn              l - ring of Wishful Thinking {rN+ MP+9}
MPRegen  0.23/turn              u - ring "Urulehui" {rElec rF+ rN+ Dex-2}

@: spider-form (expiring), very slightly contaminated
A: tiny, no armour, no weapons or thrown items, stealth, see invisible,
carnivore, clarity, slow metabolism 1, strong 2, evolution 1
}: 1/15 runes: slimy
a: End Transformation, Request Jelly, Slimify, Cure Bad Mutation, Renounce
Religion


You were on level 6 of the Lair of Beasts.
You worshipped Jiyva.
Jiyva was exalted by your worship.
You were very full.
You were a venomous arachnid creature.
You visited 4 branches of the dungeon, and saw 23 of its levels.

You collected 727 gold pieces.
You spent 377 gold pieces at shops.

Inventory:

Missiles
 a - 168 arrows
Jewellery
 e - an amulet of guardian spirit (around neck)
 f - an uncursed ring of poison resistance
 l - the ring of Wishful Thinking (left front leg) {rN+ MP+9}
   (You found it on level 5 of the Pits of Slime)

   [ring of magical power]

   It protects you from negative energy.
   It affects your magic capacity (+9).
 n - an uncursed ring of protection from cold
 u - the ring "Urulehui" (right front leg) {rElec rF+ rN+ Dex-2}
   (You found it on level 5 of the Pits of Slime)

   [ring of positive energy]

   It affects your dexterity (-2).
   It protects you from fire.
   It insulates you from electricity.
   It protects you from negative energy.
 v - the ring of Joy {+Fly rElec rPois rC+++ Str-3, unknown}
   (You found it on level 5 of the Lair of Beasts)

   [ring of flight]

   It affects your strength (-3).
   It renders you almost immune to cold.
   It insulates you from electricity.
   It protects you from poison.
   It lets you fly.
Wands
 k - a wand of paralysis (17)
 o - a wand of digging (12)
 p - a wand of random effects (18)
 q - a wand of polymorph (7)
 t - a wand of flame (17)
 z - a wand of iceblast (6)
Scrolls
 m - 3 scrolls of amnesia
 r - 5 scrolls of remove curse
 s - a scroll of magic mapping
Potions
 b - 5 potions of flight
 d - a potion of curing
 g - a potion of haste {unknown}
 h - 2 potions of ambrosia {unknown}
 i - 5 potions of lignification
 j - 3 potions of degeneration
 B - a potion of cancellation {unknown}
Comestibles
 c - 28 rations


   Skills:
 + Level 8.2 Fighting
 + Level 10.9 Dodging
 + Level 11.2 Stealth
 + Level 8.9 Unarmed Combat
 + Level 7.8 Spellcasting
 - Level 2.0 Conjurations
 + Level 1.3 Hexes
 - Level 2.0 Necromancy
 + Level 1.2 Translocations
 + Level 9.1 Transmutations
 - Level 2.2 Ice Magic
 - Level 2.0 Air Magic
 - Level 2.0 Poison Magic


You had 3 spell levels left.
You knew the following spells:

 Your Spells              Type           Power        Failure   Level  Hunger
a - Pain                  Necr           ###.         13%         1    None
b - Blade Hands           Tmut           #####.....   17%         5    #####..
c - Mephitic Cloud        Conj/Pois/Air  ###.....     28%         3    #......
d - Sticks to Snakes      Tmut           #####...     3%          2    None
e - Blink                 Tloc           N/A          22%         2    None
f - Slow                  Hex            ##......     22%         2    None
i - Ice Form              Ice/Tmut       ####....     22%         4    ###....
s - Spider Form           Tmut/Pois      ####......   10%         3    #......

Your spell library contained the following spells:

 Spells                   Type           Power        Failure   Level  Hunger
 Beastly Appendage        Tmut           #####.       2%          1    None
 Animate Skeleton         Necr           N/A          13%         1    None
 Magic Dart               Conj           ###.         13%         1    None
 Call Imp                 Summ           #.......     32%         2    None
 Conjure Flame            Conj/Fire      ##......     38%         3    #......


Dungeon Overview and Level Annotations

Branches:
Dungeon (11/15)            Temple (1/1) D:7            Lair (6/6) D:8
  Swamp (0/4) Lair:4        Snake (0/4) Lair:3        Slime (5/5) Lair:5
    Orc: D:9-12

Altars:
Ashenzari
Cheibriados
Dithmenos
Elyvilon
Fedhas
Gozag
Hepliaklqana
Kikubaaqudgha
Makhleb
Nemelex Xobeh
Okawaru
Qazlal
Ru
Sif Muna
Trog
Uskayaw
Vehumet
Wu Jian
Yredelemnul
Zin
The Shining One
Jiyva

Shops:
D:4 !   D:5 *   D:7 *   D:9 *   D:10 }

Annotations:
D:6 1 runed translucent door
D:9 metal-bound book in shop 480g
D:10 1 runed translucent door, 1 exclusion, Linguinho's ghost, journeyman GrFi
Lair:2 1 exclusion
Lair:3 exclusion: hydra
Slime:5 Royal Jelly


Innate Abilities, Weirdness & Mutations

You cannot wear armour.
You are incapable of wielding weapons or throwing items.
Your paws allow you to move quietly. (Stealth)
((You have sharp claws.))
((You have razor-sharp teeth.))
You have supernaturally acute eyesight. (SInv)
You are carnivorous and can eat meat at any time.
((You cover ground quickly.))
((You are covered in thick fur. (AC +2)))
You have a slow metabolism.
((Your sharp claws are effective at attacking unaware monsters.))
((You have a pair of small horns on your head.))
((You are partially covered in icy blue scales. (AC +2)))
((You are partially covered in slimy green scales. (AC +2)))
You possess an exceptional clarity of mind.
((Your flesh is heat resistant. (rF+)))
Your muscles are very strong. (Str +4)
You evolve.


Message History

You feel a bit more experienced. The blink frog completely misses you.
The blink frog hits you!
* * * LOW HITPOINT WARNING * * *
You shudder from the blow and a jelly pops out!
The blink frog blinks!
The blink frog barely misses you. The blink frog closely misses you.
The komodo dragon completely misses you.
The blink frog closely misses you.
Casting: Blink (safe; 22% risk of failure)
Confirm with . or Enter, or press ? or * to list all spells.
You don't have enough magic to cast that spell.
You hit the komodo dragon.
The komodo dragon looks as sick as possible!
The komodo dragon is almost dead.
The blink frog completely misses you. The blink frog closely misses you.
The blink frog blinks!
The blink frog misses you. The blink frog closely misses you.
The komodo dragon bites you.
* * * LOW HITPOINT WARNING * * *
The blink frog hits you!
You die...

...,*###..####.#§#F.#...t...#.P#*
..,,,*.....*#.....<.F............
,,,,,.....###...F...#F#.#.#..##..
,,,,,#..### ##..P###.#.....#.#..#
,,,,,,,*,****##F.P###...#...#....
,***,*,,*,,*,##.F..###Dt..tP.#.##
** ***,,,,,,,#J#F.###.#.........#
*,*,*,,,,##§lF§###.#..P#..###
*******,,*#Fs### #.........#.
***,,,*,,*#§FF# ##..........
*,*,,,,*,#....#* ###........
*,,,,,,,.......***** ####.....
**,,*,...#.....,**,* ####..
**,**##.####...,,,*******#..P
*,,* #,,**...F,,,,,*,**.....
*,,***,,,,.....,,,,,,,......
**,,**,,,,,,,,,,,,,,,........


You could see a komodo dragon, a spiny frog (sleeping), 8 blink frogs and a
friendly death ooze.

Vanquished Creatures
  Harold (D:8)
  Urug (Lair:4)
  An unseen horror (D:9)
  Pikel (D:6)
  A black mamba (Lair:5)
  6 spiny frogs
  A gargoyle (D:11)
  3 komodo dragons
  3 rime drakes
  A queen bee (D:8)
  10 blink frogs
  3 hippogriffs
  A wraith (D:10)
  16 yaks
  2 basilisks
  A hungry ghost (D:7)
  A steam dragon (D:8)
  6 water moccasins
  A naga (Lair:3)
  7 porcupines
  5 orc warriors
  2 slaves (D:6)
  2 ice beasts
  3 sky beasts
  4 ogres (D:5)
  5 wolves
  3 centaurs
  9 crocodiles
  13 bullfrogs
  A wyvern zombie (D:8)
  2 scorpions
  20 killer bees
  3 wights (D:8)
  3 electric eels (Lair:4)
  5 bullfrog zombies (D:4)
  4 crimson imps
  A jelly (D:5)
  3 centaur zombies
  4 orc priests
  3 centaur skeletons (D:4)
  5 hounds
  10 orc wizards
  Jessica (D:3)
  3 iguanas
  Natasha (twice) (D:3)
  6 worker ants
  A hound zombie (D:4)
  A hound skeleton (D:4)
  7 worker ant zombies
  10 adders
  3 oozes
  An adder zombie (D:4)
  5 adder skeletons
  3 worms
  3 dart slugs (D:1)
  10 leopard geckos
  26 orcs
  2 ball pythons
  A giant cockroach (D:6)
  7 goblins
  11 hobgoblins
  16 jackals
  6 kobolds
  9 quokkas
  8 bats
  6 frilled lizards
  A giant cockroach zombie (D:4)
  2 leopard gecko skeletons (D:4)
  3 quokka zombies
  2 rats
  A fungus (Lair:4)
  A plant (Lair:4)
335 creatures vanquished.

Vanquished Creatures (collateral kills)
  A spiny frog (Lair:5)
  A centaur (D:10)
  A crocodile (Lair:5)
  3 killer bees (Lair:1)
6 creatures vanquished.

Vanquished Creatures (others)
  A hippogriff (D:9)
  A yak (Lair:4)
  3 porcupines
  A water moccasin (Lair:2)
  An ice beast (D:10)
  2 black bears
  2 phantoms (D:9)
  A wolf (Lair:4)
  An ogre (D:9)
  4 bullfrogs
  A scorpion (D:10)
  A killer bee (D:8)
  6 wights (D:8)
  A crimson imp (D:10)
  A hound (D:7)
  41 jellies
  An orc wizard (D:10)
  2 orcs (D:10)
  30 fungi
  15 plants
116 creatures vanquished.

Grand Total: 457 creatures vanquished

Notes
Turn   | Place    | Note
-------+----------+-------------------------------------------
     0 | D:1      | Arixos the Felid Transmuter began the quest for the Orb.
     0 | D:1      | Reached XP level 1. HP: 9/9 MP: 4/4
   398 | D:2      | Reached skill level 1 in Stealth
   398 | D:2      | Reached XP level 2. HP: 9/12 MP: 4/6
   405 | D:2      | Learned a level 2 spell: Sticks to Snakes
  1047 | D:1      | Reached XP level 3. HP: 15/15 MP: 5/7
  1189 | D:1      | Learned a level 3 spell: Spider Form
  2152 | D:3      | Reached skill level 2 in Stealth
  2152 | D:3      | Reached XP level 4. HP: 11/19 MP: 4/8
  2359 | D:3      | Found a glowing golden altar of the Shining One.
  2910 | D:3      | Noticed Natasha
  3107 | D:3      | Killed Natasha
  3255 | D:3      | Found a shimmering blue altar of Sif Muna.
  3283 | D:3      | Reached XP level 5. HP: 22/22 MP: 9/9
  3344 | D:3      | Noticed Jessica
  3361 | D:3      | Killed Jessica
  3370 | D:3      | Identified Jessica's Guide on Black Rites
  3437 | D:3      | Learned a level 1 spell: Pain
  3506 | D:4      | Reached skill level 1 in Poison Magic
  3564 | D:3      | Noticed Natasha
  3571 | D:3      | Killed Natasha
  3777 | D:4      | Reached skill level 3 in Stealth
  4060 | D:4      | Gained mutation: You are covered in thick fur. (AC +2)
                  | [Felid growth]
  4060 | D:4      | Reached XP level 6. HP: 25/26 MP: 6/11
  4170 | D:5      | Entered Level 5 of the Dungeon
  4443 | D:5      | Reached skill level 1 in Necromancy
  4961 | D:5      | Found Ziluneuc's Assorted Antiques.
  4977 | D:5      | Reached XP level 7. HP: 25/30 MP: 8/12
  5019 | D:5      | Bought a twisted ivory ring for 135 gold pieces
  5425 | D:4      | Found a radiant altar of Vehumet.
  5493 | D:4      | Learned a level 3 spell: Mephitic Cloud
  5740 | D:4      | Reached skill level 4 in Stealth
  5748 | D:4      | Reached skill level 5 in Dodging
  6126 | D:4      | Found Qutusuom's Distillery.
  6188 | D:4      | Reached skill level 1 in Conjurations
  6261 | D:4      | Reached XP level 8. HP: 24/34 MP: 7/14
  7145 | D:5      | Reached skill level 5 in Stealth
  7274 | D:5      | Found a hide-covered altar of Uskayaw.
  7840 | D:6      | Reached skill level 5 in Unarmed Combat
  8300 | D:6      | Found a runed translucent door.
  8300 | D:6      | Found a glowing golden altar of the Shining One.
  8300 | D:6      | Noticed an angel
  8314 | D:6      | Reached skill level 5 in Transmutations
  8314 | D:6      | Reached skill level 1 in Air Magic
  8498 | D:6      | Noticed Pikel
  8511 | D:6      | Killed Pikel
  8511 | D:6      | Reached skill level 6 in Stealth
  8511 | D:6      | Reached XP level 9. HP: 32/39 MP: 5/16
  8580 | D:6      | Found a stormy altar of Qazlal.
  8954 | D:7      | Found an opulent altar of Gozag.
  8958 | D:7      | Found Gozag's Platinum Reserve.
  9199 | D:7      | Found a staircase to the Ecumenical Temple.
  9209 | Temple   | Entered the Ecumenical Temple
  9297 | Temple   | Became a worshipper of Jiyva Josma the Shapeless
  9515 | D:7      | Learned a level 4 spell: Ice Form
 10532 | D:8      | Reached skill level 1 in Ice Magic
 10543 | D:8      | Reached skill level 5 in Spellcasting
 10550 | D:8      | Reached skill level 7 in Stealth
 10719 | D:8      | Reached skill level 5 in Fighting
 10744 | D:8      | Gained mutation: You have a pair of small antennae on your
                  | head. [potion of mutation]
 10744 | D:8      | Gained mutation: You are occasionally teleported next to
                  | monsters. [potion of mutation]
 10744 | D:8      | Gained mutation: You are partially covered in icy blue
                  | scales. (AC +2) [potion of mutation]
 10794 | D:8      | Reached * piety under Jiyva
 11066 | D:8      | Found a burning altar of Makhleb.
 11190 | D:8      | Reached ** piety under Jiyva
 11597 | D:8      | Found a staircase to the Lair.
 11674 | D:8      | Found a sacrificial altar of Ru.
 11676 | D:8      | Found an iron altar of Okawaru.
 11680 | D:8      | Found a white marble altar of Elyvilon.
 11683 | D:8      | Found a shattered altar of Ashenzari.
 11743 | D:9      | Noticed Harold
 11974 | D:8      | HP: 1/40 [Harold/+0 hand axe (4)]
 11975 | D:8      | Slain by Harold
 11976 | D:8      | Reached XP level 8. HP: -4/37 MP: 0/16
 11995 | D:8      | Killed Harold
 11995 | D:8      | Reached XP level 9. HP: 40/40 MP: 15/18
 12199 | D:9      | Reached *** piety under Jiyva
 12236 | D:9      | Found an ornate altar of the Wu Jian Council.
 12347 | D:9      | Noticed an unseen horror
 12349 | D:9      | Gained mutation: Your mind is acute. (Int +2) [Jiyva's
                  | grace]
 12373 | D:9      | Killed an unseen horror
 12373 | D:9      | Reached skill level 8 in Stealth
 12498 | D:9      | Found a snail-covered altar of Cheibriados.
 12878 | D:9      | Found Doaplud's Assorted Antiques.
 13307 | D:10     | Entered Level 10 of the Dungeon
 13357 | D:10     | Reached **** piety under Jiyva
 13392 | D:10     | Learned a level 5 spell: Blade Hands
 13459 | D:9      | HP: 1/49 [orc warrior/+0 mace (15)]
 13461 | D:9      | Slain by an orc warrior
 13462 | D:9      | Reached XP level 8. HP: -1/45 MP: 0/17
 13580 | D:10     | Reached XP level 9. HP: 39/41 MP: 15/18
 13868 | D:10     | Gained mutation: You are resistant to hostile enchantments.
                  | (MR+) [Jiyva's grace]
 13893 | D:10     | Found Unkoat's Gadget Emporium.
 13901 | D:10     | Bought a wand of digging (7) for 242 gold pieces
 14042 | D:10     | Found a runed translucent door.
 14044 | D:10     | Noticed Linguinho's ghost (journeyman GrFi)
 14337 | Lair:1   | Entered Level 1 of the Lair of Beasts
 14337 | Lair:1   | Noticed a queen bee
 14514 | D:8      | Killed a queen bee
 14634 | Lair:1   | Reached skill level 9 in Stealth
 14747 | Lair:1   | Noticed a spiny frog
 14760 | Lair:1   | Killed a spiny frog
 14797 | Lair:1   | Reached ***** piety under Jiyva
 14799 | Lair:1   | Gained mutation: You evolve. [Jiyva's grace]
 14814 | D:8      | Lost mutation: You are resistant to hostile enchantments.
                  | (MR+) [potion of mutation]
 14814 | D:8      | Lost mutation: You evolve. [potion of mutation]
 14814 | D:8      | Lost mutation: You are occasionally teleported next to
                  | monsters. [potion of mutation]
 14814 | D:8      | Lost mutation: Your mind is acute. (Int +2) [potion of
                  | mutation]
 14814 | D:8      | Gained mutation: Your flesh is heat resistant. (rF+)
                  | [potion of mutation]
 14814 | D:8      | Gained mutation: You are resistant to hostile enchantments.
                  | (MR+) [potion of mutation]
 14815 | D:8      | Lost mutation: You are resistant to hostile enchantments.
                  | (MR+) [potion of mutation]
 14815 | D:8      | Lost mutation: You have a pair of small antennae on your
                  | head. [potion of mutation]
 14815 | D:8      | Gained mutation: Your flesh is cold resistant. (rC+)
                  | [potion of mutation]
 14815 | D:8      | Gained mutation: You have a pair of small horns on your
                  | head. [potion of mutation]
 14815 | D:8      | Gained mutation: Your muscles are strong. (Str +2) [potion
                  | of mutation]
 14976 | Lair:1   | Reached XP level 10. HP: 46/46 MP: 20/20
 16360 | Lair:2   | Noticed a spiny frog
 16373 | Lair:1   | Killed a spiny frog
 16730 | Lair:3   | Found a staircase to the Snake Pit.
 17281 | Lair:3   | Noticed a spiny frog
 17300 | Lair:3   | Killed a spiny frog
 17618 | Lair:3   | Lost mutation: You have a pair of small horns on your head.
                  | [Jiyva's grace]
 17875 | Lair:3   | Reached skill level 10 in Stealth
 18172 | Lair:3   | Noticed an eight-headed hydra
 18395 | Lair:4   | Noticed Urug
 18453 | Lair:3   | Reached XP level 11. HP: 19/50 MP: 7/22
 18887 | Lair:4   | Found a staircase to the Swamp.
 18939 | Lair:4   | Gained mutation: Your muscles are very strong. (Str +4)
                  | [Jiyva's grace]
 18942 | Lair:4   | Reached skill level 10 in Dodging
 19728 | Lair:4   | Gained mutation: You are partially covered in slimy green
                  | scales. (AC +2) [Jiyva's grace]
 20019 | Lair:4   | Killed Urug
 21004 | D:6      | Reached ****** piety under Jiyva
 21274 | Lair:5   | Gained mutation: You evolve. [Jiyva's grace]
 21558 | Lair:5   | Reached skill level 11 in Stealth
 21760 | Lair:5   | Found a runed translucent door.
 21760 | Lair:5   | Found a viscous altar of Jiyva.
 21761 | Lair:5   | Found a staircase to the Slime Pits.
 21979 | Lair:5   | Noticed an eight-headed hydra
 22053 | Lair:5   | HP: 1/51 [eight-headed hydra (3)]
 22053 | Lair:5   | Mangled by an eight-headed hydra
 22054 | Lair:5   | Reached XP level 10. HP: -9/48 MP: 0/22
 22231 | D:11     | Noticed a cyan ugly thing
 22312 | D:11     | Noticed a gargoyle
 22327 | D:11     | Killed a gargoyle
 22355 | D:11     | Reached XP level 11. HP: 51/51 MP: 18/23
 22494 | D:10     | Upgraded the game from 0.24-a0-725-gf1a930fc54 to
                  | 0.24-a0-736-g4e6fe308c7
 22657 | D:4      | Gained mutation: You have a pair of small horns on your
                  | head. [Jiyva's grace]
 22982 | Slime:1  | Entered Level 1 of the Pits of Slime
 22984 | Slime:1  | Noticed an azure jelly
 22989 | Slime:1  | Noticed an azure jelly
 23030 | Slime:1  | Noticed a shining eye
 23033 | Slime:1  | Noticed an azure jelly
 23033 | Slime:1  | Noticed an acid blob
 23093 | Slime:2  | Noticed a shining eye
 23093 | Slime:2  | Noticed an acid blob
 23093 | Slime:2  | Noticed a shining eye
 23093 | Slime:2  | Noticed an acid blob
 23100 | Slime:2  | Noticed a shining eye
 23103 | Slime:2  | Noticed an acid blob
 23156 | Slime:3  | Noticed an acid blob
 23165 | Slime:3  | Noticed an azure jelly
 23209 | Slime:3  | Noticed an azure jelly
 23299 | Slime:3  | Noticed an acid blob
 23320 | Slime:3  | You fall into a shaft and drop 1 floor!
 23321 | Slime:4  | Noticed a death ooze
 23344 | Slime:4  | Noticed an acid blob
 23347 | Slime:4  | Noticed a great orb of eyes
 23397 | Slime:4  | Noticed a shining eye
 23452 | Slime:4  | Noticed a shining eye
 23520 | Slime:5  | Entered Level 5 of the Pits of Slime
 23520 | Slime:5  | Noticed a death ooze
 23527 | Slime:5  | Lost mutation: Your muscles are very strong. (Str +4)
                  | [Jiyva's grace]
 23529 | Slime:5  | Lost mutation: Your flesh is cold resistant. (rC+) [Jiyva's
                  | grace]
 23532 | Slime:5  | Gained mutation: Your muscles are very strong. (Str +4)
                  | [Jiyva's grace]
 23533 | Slime:5  | Noticed a great orb of eyes
 23534 | Slime:5  | Noticed an acid blob
 23537 | Slime:5  | Gained mutation: You possess an exceptional clarity of
                  | mind. [Jiyva's grace]
 23541 | Slime:5  | Noticed a death ooze
 23542 | Slime:5  | Noticed a great orb of eyes
 23543 | Slime:5  | Noticed a great orb of eyes
 23549 | Slime:5  | Noticed a shining eye
 23551 | Slime:5  | Noticed an acid blob
 23580 | Slime:5  | Noticed an acid blob
 23580 | Slime:5  | Noticed an azure jelly
 23582 | Slime:5  | Noticed an acid blob
 23592 | Slime:5  | Noticed a death ooze
 23614 | Slime:5  | Noticed a great orb of eyes
 23667 | Slime:5  | Noticed an acid blob
 23685 | Slime:5  | Found a viscous altar of Jiyva.
 23685 | Slime:5  | Noticed an azure jelly
 23687 | Slime:5  | Noticed a death ooze
 23688 | Slime:5  | Noticed a great orb of eyes
 23692 | Slime:5  | Got a slimy rune of Zot
 23695 | Slime:5  | Noticed a great orb of eyes
 23703 | Slime:5  | Got a scorched ivory ring
 23708 | Slime:5  | Noticed an acid blob
 23716 | Slime:5  | Got a fine granite ring
 23718 | Slime:5  | Got an ichor-stained plate armour
 23738 | Slime:5  | Noticed the Royal Jelly
 23751 | Slime:5  | Noticed a great orb of eyes
 23777 | Slime:5  | Noticed a shining eye
 23779 | Slime:5  | Noticed an acid blob
 23876 | Slime:5  | Identified the ring "Urulehui" {rElec rF+ rN+ Dex-2} (You
                  | found it on level 5 of the Pits of Slime)
 23878 | Slime:5  | Identified the ring of Wishful Thinking {rN+ MP+9} (You
                  | found it on level 5 of the Pits of Slime)
 23883 | Slime:5  | Learned a level 2 spell: Blink
 23886 | Slime:5  | Learned a level 2 spell: Slow
 23982 | Lair:5   | Got a scintillating bronze ring
 24024 | Lair:6   | Entered Level 6 of the Lair of Beasts
 24052 | Lair:6   | Noticed a six-headed hydra
 24151 | Lair:6   | Noticed a four-headed hydra
 24240 | Lair:5   | Reached skill level 1 in Hexes
 24298 | Lair:6   | Reached skill level 1 in Translocations
 24318 | Lair:6   | Mangled by a blink frog

Levels and vault maps discovered:
D:1:      nzn_arrival_settlement, layout_basic, hex_large, st_stairs_11
D:2:      layout_basic, tgw_xom
D:3:      layout_basic, overflow_temple_1_default, lemuel_blue_sif_altar,
          first_ration, kennysheep_jessica_study, uniq_natasha
D:4:      layout_gridville, vehumet_altar_wand_db, serial_undead,
          serial_undead_f, serial_undead_c, serial_undead_a, serial_undead_c,
          serial_undead_b, serial_undead_b, serial_undead_d, serial_undead_a,
          serial_undead_c, serial_undead_c, serial_shops,
          nicolae_shop_waterfront, corexii_item_surrounded_by_moat,
          kennysheep_generic_room_6
D:5:      wad_crossroads, layout_rooms, lemuel_round_altar, serial_bayou,
          serial_bayou_pond_d, serial_bayou_lagoon_a, serial_bayou_ford_a,
          serial_bayou_lagoon_b, serial_shops, nicolae_shop_trees
D:6:      layout_rooms, nicolae_qazlal_style_of_elements, lemuel_angel_altar,
          uniq_pikel
D:7:      layout_basic, lemuel_temple_firewalk_b,
          nicolae_gozag_zags_fifth_avenue
D:8:      layout_cave_pools, marbit_many_paths, minitemple,
          grunt_lair_entry_orc_guard_hut, grunt_pizzeria
D:9:      minmay_curly_fans, layout_basic, cheibriados_altar_1,
          kennysheep_mini_moat, serial_shops, nicolae_shop_waterfront,
          due_unseen_surprise, uniq_harold
D:10:     layout_layer_cave, serial_shops, shop, ebering_ghost_reflecting_pool
D:11:     layout_loops_ring
Temple:   pf_slimified_temple
Lair:1:   layout_roguey [special_room_bee], lemuel_fruit_tree
Lair:2:   layout_regular_city, grunt_forest_stairs_basic
Lair:3:   layout_small_grid, guppyfry_snake_entry_island,
          infiniplex_staircase_pool_2
Lair:4:   layout_roguey, swamp_mist, wad_woods_river_01, uniq_urug
Lair:5:   layout_regular_city, slime_altar_2, minivault_23
Lair:6:   evilmike_catoblepas_cave, layout_loops_ring, serial_bayou,
          serial_bayou_pond_e, serial_bayou_pond_d, serial_bayou_shore_a,
          serial_bayou_pond_c, enter_volcano_1, grunt_megastairs_4
Slime:1:  layout_caves
Slime:2:  layout_caves
Slime:3:  layout_caves
Slime:4:  layout_caves
Slime:5

Skill      XL: |  1  2  3  4  5  6  7  8  9 10 11 |
---------------+----------------------------------+-----
Dodging        | 3 4 5 6 9 10 | 10.9
Stealth        | 1 2 3 4 6 9 10 11 | 11.2
Transmutations | 3 4 5 7 9 |  9.1
Fighting       | 2 3 4 6 7 8 |  8.2
Poison Magic   | 1 2 |  2.0
Spellcasting   | 3 4 6 7 |  7.8
Necromancy     | 1 2 |  2.0
Unarmed Combat | 4 5 7 8 |  8.9
Conjurations   | 1 2 |  2.0
Air Magic      | 1 2 |  2.0
Ice Magic      | 2 1 |  2.2
Hexes          | 1 |  1.3
Translocations | 1 |  1.2

Action                   |  1- 3 |  4- 6 |  7- 9 | 10-12 || total
-------------------------+-------+-------+-------+-------++-------
Melee: Unarmed           |   114 |   147 |   664 |   396 ||  1321
       Bite              |    15 |     1 |     1 |     2 ||    19
       Headbutt          |    12 |     1 |       |     7 ||    20
       Punch             |     1 |       |     1 |       ||     2
 Cast: Beastly Appendage |    22 |     3 |       |       ||    25
       Sticks to Snakes  |     1 |     1 |    19 |    11 ||    32
       Spider Form       |       |    23 |    75 |    30 ||   128
       Pain              |       |     2 |     3 |    10 ||    15
       Mephitic Cloud    |       |       |     6 |    10 ||    16
       Ice Form          |       |       |     3 |    12 ||    15
       Blade Hands       |       |       |       |     5 ||     5
       Blink             |       |       |       |     1 ||     1
 Abil: End Transformatio |       |       |     1 |     3 ||     4
Evoke: Wand              |       |       |     2 |     9 ||    11
  Use: Scroll            |     2 |     3 |    11 |     3 ||    19
       Potion            |       |       |    10 |     3 ||    13
 Stab: Sleeping          |    10 |     4 |    25 |    15 ||    54
       Distracted        |       |       |     3 |       ||     3
       Confused          |       |       |     4 |     7 ||    11
       Paralysed         |       |       |     2 |       ||     2
  Eat: Chunk             |    10 |    10 |    37 |    16 ||    73
Armor: Skin              |     4 |     2 |    21 |    11 ||    38
Dodge: Dodged            |    76 |   105 |   698 |   431 ||  1310

Table legend:
 A = Non-vault XP
 B = Vault XP
 C = Vault XP percentage of total XP
 D = Non-vault monster count
 E = Vault monster count
 F = Vault count percentage of total count
                 A         B        C        D         E       F
            +---------+---------+-------+---------+---------+-------
      Total |   21122 |    6645 |  23.9 |     265 |      74 |  21.8
            +---------+---------+-------+---------+---------+-------
        D:1 |      37 |       6 |  14.0 |      15 |       3 |  16.7
        D:2 |      57 |       0 |   0.0 |      22 |       0 |   0.0
        D:3 |     109 |      74 |  40.4 |      19 |       3 |  13.6
        D:4 |     303 |     587 |  66.0 |      15 |      26 |  63.4
        D:5 |     628 |     167 |  21.0 |      23 |       4 |  14.8
        D:6 |     659 |     595 |  47.4 |      27 |       1 |   3.6
        D:7 |     365 |       0 |   0.0 |       8 |       0 |   0.0
        D:8 |    1237 |    2427 |  66.2 |      22 |      20 |  47.6
        D:9 |     672 |     737 |  52.3 |      10 |       1 |   9.1
       D:10 |     820 |       0 |   0.0 |      16 |       0 |   0.0
       D:11 |     981 |       0 |   0.0 |      10 |       0 |   0.0
     Lair:1 |    1225 |     483 |  28.3 |       5 |      10 |  66.7
     Lair:2 |    1837 |       0 |   0.0 |      12 |       0 |   0.0
     Lair:3 |    3965 |     160 |   3.9 |      19 |       1 |   5.0
     Lair:4 |    2740 |    1032 |  27.4 |      18 |       3 |  14.3
     Lair:5 |    4628 |     274 |   5.6 |      19 |       1 |   5.0
     Lair:6 |     859 |     103 |  10.7 |       5 |       1 |  16.7
            +---------+---------+-------+---------+---------+-------
